 Dungeon Crawl Stone Soup version 0.31-a0-239-g0a1456f148 (webtiles) character file.

Game seed: 11664795701187840654

108 qw the Shooter (level 4, -3/36 HPs)
             Began as a Minotaur Hexslinger on July 11, 2023.
             Slain by a gnoll
             ... wielding a +0 spear
              (4 damage)
             ... on level 4 of the Dungeon.
             The game lasted 00:00:52 (2183 turns).

qw the Shooter (Minotaur Hexslinger)                Turns: 2183, Time: 00:00:53

Health: -3/36      AC:  5    Str: 12    XL:     4   Next: 58%
Magic:  4/4        EV: 11    Int: 10    God:
Gold:   133        SH:  0    Dex: 15    Spells: 4/5 levels left

rFire   . . .        Y - +1 sling
rCold   . . .        (no shield)
rNeg    . . .        h - +0 ring mail
rPois   .            (helmet restricted)
rElec   .            (no cloak)
rCorr   .            (no gloves)
SInv    .            (no boots)
Will    .....        (no amulet)
Stlth   +            (no ring)
HPRegen 0.26/turn    (no ring)
MPRegen 0.09/turn

%: no passive effects
@: no status effects
A: horns 2, retaliatory headbutt
a: no special abilities


You were on level 4 of the Dungeon.
You visited 1 branch of the dungeon, and saw 4 of its levels.

You collected 133 gold pieces.


Innate Abilities, Weirdness & Mutations

You have a pair of horns on your head.
You reflexively headbutt those who attack you in melee.


   Skills:
 + Level 2.0 Fighting
 - Level 5.0 Ranged Weapons
 - Level 1.1 Armour
 - Level 2.1 Dodging
 - Level 1.0 Spellcasting
 - Level 2.0 Hexes


You had 4 spell levels left.
You knew the following spells:

 Your Spells              Type           Power      Damage    Failure   Level
a - Slow                  Hex            16%        N/A       34%         1

Your spell library contained the following spells:

 Spells                   Type           Power      Damage    Failure   Level
 Inner Flame              Hex/Fire       2%         N/A       83%         3
 Portal Projectile        Hex/Tloc       4%         N/A       83%         3
 Cause Fear               Hex            2%         N/A       98%         4

Inventory:

Hand Weapons
 Y - a +1 sling (weapon)
Armour
 h - a +0 ring mail (worn)
Scrolls
 f - a scroll of identify
Potions
 a - a potion of resistance
 b - a potion of mutation
 c - a potion of heal wounds {unknown}
 d - a potion of curing {unknown}
 e - a potion of ambrosia {unknown}
 j - a potion of berserk rage {unknown}

Dungeon Overview and Level Annotations

Branches:
Dungeon (4/15)
 Temple: D:4-7

Altars:
Kikubaaqudgha
Wu Jian

Annotations:
D:3 2 runed translucent doors, qw's ghost, amateur GrHs


Message History

The gnoll hits you from afar with a +0 spear.
You shoot a sling bullet. The sling bullet hits the gnoll.
The gnoll is heavily wounded.
The gnoll hits you from afar with a +0 spear.
The gnoll barely misses you. The gnoll misses you. The gnoll barely misses you.
You shoot a sling bullet.
The sling bullet hits the gnoll but does no damage.
The gnoll is heavily wounded.
The gnoll hits you from afar with a +0 spear.
The gnoll misses you.
You shoot a sling bullet. The sling bullet hits the gnoll.
The gnoll is severely wounded.
The gnoll closely misses you. The gnoll hits you with a +0 whip!
The gnoll hits you from afar with a +0 spear.
You shoot a sling bullet.
The sling bullet hits the gnoll but does no damage.
The gnoll is severely wounded.
The gnoll hits you but does no damage. The gnoll misses you.
You furiously retaliate!
You headbutt the gnoll.
The gnoll hits you from afar with a +0 spear. x3
The gnoll completely misses you.
You shoot a sling bullet. The sling bullet hits the gnoll.
The gnoll is severely wounded.
The gnoll barely misses you. The gnoll hits you with a +0 whip.
The gnoll hits you but does no damage.
You shoot a sling bullet. The sling bullet hits the gnoll.
You kill the gnoll!
The gnoll hits you from afar with a +0 spear.
The gnoll hits you but does no damage.
Your Ranged Weapons skill increases to level 5!
You shoot a sling bullet. The sling bullet hits the gnoll.
The gnoll is heavily wounded.
The gnoll hits you from afar with a +0 spear.
The gnoll hits you but does no damage.
You shoot a sling bullet.
The sling bullet barely misses the gnoll.
The gnoll hits you from afar with a +0 spear.
The gnoll closely misses you.
The gnoll hits you from afar with a +0 spear.
You die...

... ~~
...######~#
.........~#
.........~#
.......~# #
#.gg..~#####~#
#.?...~~~~~~~
###..)@.......#.
...........#.#..
...........#.#.#
...........#.#.#
........###....#
........)<.....#
........##.....#
...[....##.#.#.#
....... #.#.#...


You could see 2 gnolls.

Vanquished Creatures
  A gnoll (D:4)
  2 adders
  A worm (D:2)
  A dart slug (D:1)
  5 orcs (D:3)
  10 endoplasms
  5 giant cockroaches
  5 goblins
  5 hobgoblins
  4 jackals (D:3)
  2 quokkas
  7 ball pythons
  4 bats
  A frilled lizard (D:2)
  6 kobolds
  5 rats
64 creatures vanquished.

Notes
Turn   | Place    | Note
-------+----------+-------------------------------------------
     0 | D:1      | qw the Minotaur Hexslinger began the quest for the Orb.
     0 | D:1      | Reached XP level 1. HP: 16/16 MP: 1/1
     0 | D:1      | 0 ||| qw: Version: 0.3-a-52-g30416fa
     0 | D:1      | 0 ||| qw: Game counter: 5909
     0 | D:1      | 0 ||| qw: Melee chars always use a shield: true
     0 | D:1      | 0 ||| qw: God list: Okawaru
     0 | D:1      | 0 ||| qw: Allow faded altars: false
     0 | D:1      | 0 ||| qw: Do Orc after clearing Dungeon:15 true
     0 | D:1      | 0 ||| qw: Do second Lair branch before Depths: true
     0 | D:1      | 0 ||| qw: Lair rune preference: random
     0 | D:1      | 0 ||| qw: Goals: Normal
     0 | D:1      | 0 ||| PLANNING D:1-11
   204 | D:1      | Reached skill level 3 in Ranged Weapons
   217 | D:1      | Reached XP level 2. HP: 20/23 MP: 2/2
   656 | D:1      | 656 ||| UPGRADING to +0 ring mail.
   666 | D:1      | 666 ||| DROPPING +0 robe.
   667 | D:1      | 667 ||| READING scroll labelled WUNAVACADO.
   668 | D:1      | 668 ||| READING scroll labelled XOFONW ROIGU.
   672 | D:1      | 672 ||| READING 2 scrolls labelled KAUD ISIYFEID.
   673 | D:1      | 673 ||| READING scroll labelled FITUER OHIFUUKLI.
   674 | D:1      | 674 ||| DRINKING 3 puce potions.
   675 | D:1      | 675 ||| DROPPING scroll of poison.
   676 | D:1      | 676 ||| DROPPING 2 potions of attraction.
   763 | D:2      | Reached XP level 3. HP: 29/29 MP: 3/3
  1023 | D:2      | Reached skill level 4 in Ranged Weapons
  1102 | D:2      | Reached skill level 1 in Armour
  1231 | D:2      | Identified the +3 chain mail of the Neverending Hells
                  | {Dex+2 SInv}
  1393 | D:2      | 1393 ||| READING scroll labelled LYAMU RYEMIDURR.
  1394 | D:2      | 1394 ||| DRINKING 2 lumpy white potions.
  1395 | D:2      | 1395 ||| READING 2 scrolls of identify.
  1395 | D:2      | 1395 ||| IDENTIFYING smoky inky potion
  1438 | D:3      | Reached XP level 4. HP: 32/36 MP: 4/4
  1518 | D:3      | Found an ornate altar of the Wu Jian Council.
  1625 | D:3      | Found a large runed translucent door.
  1625 | D:3      | Found a large runed translucent door.
  1628 | D:3      | Noticed qw's ghost (amateur GrHs)
  1800 | D:3      | Found an ancient bone altar of Kikubaaqudgha.
  1834 | D:3      | Found a faded altar of an unknown god.
  1956 | D:3      | Noticed an ice beast
  2134 | D:3      | 2134 ||| READING scroll labelled ANUAXTU XOTOM.
  2182 | D:4      | Reached skill level 5 in Ranged Weapons
  2182 | D:4      | HP: 7/36 [gnoll/+0 spear (5)]
  2183 | D:4      | HP: 1/36 [gnoll/+0 spear (6)]
  2183 | D:4      | Slain by a gnoll

Levels and vault maps discovered:
D:1:      dpeg_arrival_castle, layout_basic
D:2:      layout_loops_cross, kennysheep_generic_room_9
D:3:      layout_loops_ring, lemuel_crystal_altar, mainiacjoe_overflow_paths,
          basic_ecumenical_altar, ebering_ghost_disaster_area,
          lightli_corner_chamber
D:4:      layout_basic, nicolae_overflow_two_pavilions,
          minmay_temple_entry_drinking_statues

Skill      XL: |  1  2  3  4 |
---------------+-------------+-----
Ranged Weapons | 3 4 5 |  5.0
Fighting       | 2 |  2.0
Armour         | 1 |  1.1
Dodging        | |  2.1
Spellcasting   | |  1.0
Hexes          | |  2.0

Action                     |  1- 3 |  4- 6 || total
---------------------------+-------+-------++-------
   Fire: Sling             |   153 |    56 ||   209
    Use: Scroll            |     6 |     1 ||     7
         Potion            |     2 |       ||     2
 Armour: Robe              |     2 |       ||     2
         Ring mail         |    15 |    12 ||    27
  Dodge: Dodged            |    32 |    31 ||    63

Table legend:
 A = Non-vault XP
 B = Vault XP
 C = Vault XP percentage of total XP
 D = Non-vault monster count
 E = Vault monster count
 F = Vault count percentage of total count
                 A         B        C        D         E       F
            +---------+---------+-------+---------+---------+-------
      Total |     153 |       2 |   1.3 |      63 |       1 |   1.6
            +---------+---------+-------+---------+---------+-------
        D:1 |      38 |       0 |   0.0 |      22 |       0 |   0.0
        D:2 |      45 |       2 |   4.3 |      18 |       1 |   5.3
        D:3 |      54 |       0 |   0.0 |      21 |       0 |   0.0
        D:4 |      16 |       0 |   0.0 |       2 |       0 |   0.0
            +---------+---------+-------+---------+---------+-------
